 Dungeon Crawl Stone Soup version 0.29-a0-474-gdfe5cd140f (webtiles) character file.

Game seed: 12119128059275387968

7485 CrazyBamboolord the Gouger (level 10, -1/47 HPs)
             Began as a Felid Monk on May 23, 2022.
             Was a Follower of Uskayaw.
             Shot with an arrow by a centaur warrior (28 damage)
             ... on level 10 of the Dungeon on May 24, 2022.
             The game lasted 00:33:45 (18466 turns).

CrazyBamboolord the Gouger (Felid Monk)            Turns: 18466, Time: 00:33:46

Health: -1/47      AC:  2    Str:  7    XL:     10   Next: 94%
Magic:  23/23      EV: 30    Int: 11    God:    Uskayaw [*.....]
Gold:   787        SH:  0    Dex: 24    Spells: 9/9 levels left
                                        Lives:  0   Deaths: 3

rFire   . . .      SeeInvis +     - Unarmed
rCold   + . .      Faith    .   (shield unavailable)
rNeg    . . .      Spirit   .   (body armour unavailable)
rPois   +          Reflect  .   (helmet unavailable)
rElec   .          Harm     .   (cloak unavailable)
rCorr   .          Rampage  .   (gloves unavailable)
Will    +....                   (boots unavailable)
Stlth   ++++......              (no amulet)
HPRegen 0.15/turn               y - ring of protection from cold
MPRegen 0.18/turn               u - ring of Butchery {+Blink rPois MP+9}

@: quick
A: very small, claws 1, fangs 3, see invisible, speed 1, shaggy fur 2, stealthy
paws, no weapons or thrown items, no armour, multi-lived
a: Renounce Religion, Evoke Blink, Stomp


You were on level 10 of the Dungeon.
You worshipped Uskayaw.
Uskayaw was noncommittal.
You visited 2 branches of the dungeon, and saw 12 of its levels.
You also visited: Ossuary.

You collected 787 gold pieces.

Inventory:

Jewellery
 d - a ring of willpower
 j - a +4 ring of evasion
 p - a ring of fire
 t - a ring of wizardry
 u - the ring of Butchery (right paw) {+Blink rPois MP+9}
   (You acquired it on level 9 of the Dungeon)

   [ring of magical power]

   rPois:     It protects you from poison.
   MP:        It affects your magic capacity (+9).
   +Blink:    It lets you blink.
 y - a ring of protection from cold (left paw)
 A - a ring of willpower
 C - a ring of resist corrosion
Wands
 v - a wand of polymorph (9)
 x - a wand of iceblast (3) (quivered)
 B - a wand of mindburst (7)
Scrolls
 b - a scroll of teleportation
 f - a scroll of vulnerability
 g - 4 scrolls of silence
 h - a scroll of fear
 k - 3 scrolls of immolation
 m - 3 scrolls of amnesia
 r - 2 scrolls of torment
 w - a scroll of blinking
 z - a scroll of magic mapping
Potions
 a - a potion of cancellation
 c - 5 potions of brilliance
 e - 2 potions of flight
 i - 2 potions of resistance
 l - 5 potions of curing
 n - a potion of heal wounds
 o - 3 potions of lignification
 q - 2 potions of attraction
 s - a potion of mutation


   Skills:
 * Level 7.0 Fighting
 * Level 12.5 Dodging
 - Level 6.6 Stealth
 * Level 14.8 Unarmed Combat
 * Level 4.8 Invocations


You had 9 spell levels left.
You didn't know any spells.
Your spell library contained the following spells:

 Spells                   Type           Power      Damage    Failure   Level
 Necrotize                Necr           0%         1d4       34%         1
 Sandblast                Erth           0%         2d4       34%         1
 Sting                    Tmut/Pois      0%         1d3       34%         1
 Summon Small Mammal      Summ           0%         N/A       34%         1
 Ensorcelled Hibernation  Hex/Ice        0%         N/A       47%         2
 Passwall                 Tmut/Erth      0%         N/A       47%         2
 Poisonous Vapours        Pois/Air       0%         N/A       47%         2
 Static Discharge         Conj/Air       0%         N/A       47%         2
 Sublimation of Blood     Necr           0%         N/A       47%         2
 Wereblood                Tmut           0%         N/A       47%         2
 Call Canine Familiar     Summ           0%         N/A       71%         3
 Gell's Gravitas          Tloc           0%         N/A       71%         3
 Lesser Beckoning         Tloc           0%         N/A       71%         3
 Stone Arrow              Conj/Erth      0%         3d7       71%         3
 Summon Guardian Golem    Hex/Summ       0%         N/A       71%         3
 Swiftness                Air            0%         N/A       71%         3
 Teleport Other           Tloc           0%         N/A       71%         3
 Vampiric Draining        Necr           0%         2d6       71%         3
 Dispel Undead            Necr           0%         3d6       98%         4
 Olgreb's Toxic Radiance  Pois           0%         N/A       98%         4
 Sticky Flame             Conj/Fire      0%         2d3       98%         4
 Agony                    Necr           0%         N/A       100%        5
 Summon Hydra             Summ           0%         N/A       100%        7


Dungeon Overview and Level Annotations

Branches:
Dungeon (11/15)            Temple (1/1) D:7            Lair (0/6) D:10
Ossuary (visited)
    Orc: D:9-12

Altars:
Hepliaklqana
Kikubaaqudgha
Makhleb
Nemelex Xobeh
Okawaru
Qazlal
Sif Muna
Trog
Uskayaw
Wu Jian
Yredelemnul

Annotations:
D:10 1 exclusion
D:11 exclusion: door


Innate Abilities, Weirdness & Mutations

You have sharp claws.
You have razor-sharp teeth.
You have supernaturally acute eyesight. (SInv)
You cover ground quickly. (Speed+)
You are covered in thick fur. (AC +2)
Your paws help you pounce on unaware monsters.
You are incapable of wielding weapons or throwing items.
You cannot wear armour.
You gain extra lives every three experience levels.


Message History

The centaur warrior shouts!
The centaur warrior hits you!
The centaur warrior completely misses you.
The centaur warrior hits you!
The centaur warrior completely misses you.
You claw the centaur warrior!
The centaur warrior is moderately wounded.
The centaur warrior closely misses you. x2
You claw the centaur warrior!
The centaur warrior is heavily wounded.
The centaur warrior closely misses you. The centaur warrior kicks you.
You can now pass through a line of other dancers.
You closely miss the centaur warrior.
The centaur warrior is heavily wounded.
The centaur warrior hits you!
* * * LOW HITPOINT WARNING * * *
The centaur warrior completely misses you.
You barely miss the centaur warrior.
The centaur warrior is heavily wounded.
The centaur warrior barely misses you. The centaur warrior closely misses you.
You feel much better.
The centaur warrior completely misses you.
The centaur warrior kicks you.
You claw the centaur warrior! x2
You kill the centaur warrior!
Uskayaw will force your foes to helplessly watch your dance.
Your Fighting skill increases to level 7!
A - a ring of willpower
Things that are here:
a +1 shortbow of flaming; a centaur corpse You start resting.
HP restored.
The centaur warrior wields a +0 longbow.
The centaur warrior shoots an arrow.
The arrow hits you!!
The centaur warrior shoots an arrow.
The arrow completely misses you.
There is a stone staircase leading down here.
The centaur warrior shoots an arrow.
The arrow misses you.
The centaur warrior shoots an arrow.
The arrow hits you!!
Ouch! That really hurt!
You die...

##.†..##
###...##......##
##... ##...#
##...........# ##..
#...##
##..........## ##.
##...#
#...........## ##
##..##
##.....###...## #
##..## #....)#
##...## # ##..##
##.....## ##...###
##..## #.......#
##..##.
##..#####@......##
##.#..
##...#....###..c##
#.#.P # ##.....)##
##...####.... ##
##......#
##.......... .##
##.......#
##.........
..#######........#
#.........
...##.....####...##
##.........
.......####
##...#####.......#..
#....###
##....##.........#..


You could see a centaur warrior.

Vanquished Creatures
  A boulder beetle (D:10)
  A hydra (D:11)
  3 two-headed ogres
  A centaur warrior (D:10)
  Maggie (D:10)
  A gargoyle (D:11)
  Psyche (D:11)
  An efreet (D:10)
  A troll (D:7)
  A hornet (D:8)
  26 yaks
  Eustachio (D:6)
  4 wyverns
  2 basilisks (D:10)
  A steam dragon (D:10)
  An acid dragon (D:10)
  A water moccasin (D:5)
  2 black bears
  2 orc warriors
  A sky beast (D:7)
  A hornet zombie (Ossuary)
  An ice beast (D:6)
  8 centaurs
  A kobold brigand (D:11)
  A bullfrog (D:6)
  2 wyvern zombies (Ossuary)
  A gnoll sergeant (D:8)
  3 scorpions
  14 wights
  5 killer bees (D:7)
  An electric eel (D:7)
  9 howler monkeys
  3 centaur zombies (Ossuary)
  A jelly (D:5)
  6 bullfrog zombies (Ossuary)
  5 orc priests
  A gnoll shaman (D:9)
  4 hounds
  5 iguanas
  16 mummies (Ossuary)
  7 orc wizards
  A killer bee zombie (Ossuary)
  11 adders
  14 gnolls
  A shadow imp (D:6)
  A white imp (D:5)
  2 ufetubi (D:6)
  A worm (D:2)
  3 dart slugs
  33 orcs
  5 ball pythons
  6 endoplasms
  3 giant cockroaches
  7 goblins
  8 hobgoblins
  9 jackals
  6 quokkas
  7 bats
  6 frilled lizards
  12 kobolds
  8 rats
292 creatures vanquished.

Vanquished Creatures (others)
  A bush (D:8)
  A plant (D:10)
  6 withered plants (Ossuary)
8 creatures vanquished.

Grand Total: 300 creatures vanquished

Notes
Turn   | Place    | Note
-------+----------+-------------------------------------------
     0 | D:1      | CrazyBamboolord the Felid Monk began the quest for the Orb.
     0 | D:1      | Reached XP level 1. HP: 10/10 MP: 2/2
   235 | D:1      | Reached XP level 2. HP: 14/14 MP: 3/3
   403 | D:1      | Found a faded altar of an unknown god.
   550 | D:1      | Reached XP level 3. HP: 13/17 MP: 4/4
  1342 | D:2      | Reached XP level 4. HP: 18/21 MP: 5/5
  1479 | D:2      | Reached skill level 4 in Unarmed Combat
  1993 | D:2      | Reached skill level 5 in Dodging
  2084 | D:2      | Upgraded the game from 0.29-a0-473-gacb4ef3bc5 to
                  | 0.29-a0-474-gdfe5cd140f
  2162 | D:3      | HP: 1/21 [bat (1)]
  3133 | D:3      | Reached XP level 5. HP: 24/24 MP: 6/6
  3186 | D:3      | Found a sparkling altar of Nemelex Xobeh.
  4114 | D:4      | Reached skill level 5 in Unarmed Combat
  4493 | D:4      | Gained mutation: You are covered in thick fur. (AC +2)
                  | [Felid growth]
  4493 | D:4      | Reached XP level 6. HP: 28/28 MP: 7/7
  5014 | D:5      | Entered Level 5 of the Dungeon
  5755 | D:5      | Noticed a water moccasin
  5863 | D:5      | Killed a water moccasin
  6006 | D:5      | Reached skill level 6 in Unarmed Combat
  6069 | D:5      | Reached XP level 7. HP: 32/32 MP: 8/8
  6439 | D:6      | HP: 1/32 [ice beast (14)]
  6969 | D:6      | Reached skill level 5 in Stealth
  7165 | D:6      | Reached skill level 7 in Unarmed Combat
  7171 | D:6      | Noticed Eustachio
  7989 | D:6      | Killed Eustachio
  7990 | D:6      | Reached XP level 8. HP: 33/36 MP: 9/9
  8575 | D:7      | Reached skill level 8 in Unarmed Combat
  8614 | D:7      | Found a sand-covered staircase.
  8622 | Ossuary  | Entered an ossuary
  8649 | Ossuary  | Slain by a mummy
  8650 | Ossuary  | Reached XP level 7. HP: 0/33 MP: 8/8
  8725 | Ossuary  | Reached XP level 8. HP: 27/36 MP: 9/9
  8776 | Ossuary  | Reached skill level 5 in Fighting
  8785 | Ossuary  | Reached skill level 9 in Unarmed Combat
  9259 | D:7      | Found a staircase to the Ecumenical Temple.
  9266 | D:7      | Noticed a troll
  9282 | Temple   | Entered the Ecumenical Temple
  9289 | Temple   | Became a worshipper of Uskayaw the Reveller
  9289 | Temple   | Reached * piety under Uskayaw
  9306 | D:7      | Reached ** piety under Uskayaw
  9817 | D:7      | Killed a troll
  9817 | D:7      | Reached *** piety under Uskayaw
  9906 | D:7      | Reached **** piety under Uskayaw
  9907 | D:7      | Reached skill level 10 in Unarmed Combat
  9907 | D:7      | Reached XP level 9. HP: 40/40 MP: 10/10
  9965 | D:7      | Reached skill level 1 in Invocations
 11497 | D:8      | Reached skill level 11 in Unarmed Combat
 12789 | D:9      | Noticed a two-headed ogre
 12820 | D:9      | Killed a two-headed ogre
 12821 | D:9      | Reached skill level 10 in Dodging
 12821 | D:9      | Reached XP level 10. HP: 15/45 MP: 12/12
 13043 | D:9      | Identified a scroll of acquirement
 13044 | D:9      | Acquired the ring of Butchery {+Blink rPois MP+9}
 13753 | D:9      | Found a shimmering blue altar of Sif Muna.
 13861 | D:9      | Reached skill level 12 in Unarmed Combat
 14056 | D:9      | Found a basalt altar of Yredelemnul.
 14508 | D:9      | Found a burning altar of Makhleb.
 14612 | D:9      | Found a bloodstained altar of Trog.
 14699 | D:10     | Entered Level 10 of the Dungeon
 14758 | D:10     | Found a staircase to the Lair.
 14997 | D:10     | Reached ***** piety under Uskayaw
 15264 | D:10     | Noticed a boulder beetle
 15288 | D:10     | Slain by a boulder beetle
 15289 | D:10     | Reached XP level 9. HP: 0/41 MP: 21/21
 15344 | D:10     | Killed a boulder beetle
 15345 | D:10     | Reached skill level 13 in Unarmed Combat
 15345 | D:10     | Reached XP level 10. HP: 45/45 MP: 13/13
 15790 | D:10     | Noticed Maggie
 15813 | D:10     | Killed Maggie
 16139 | D:10     | Noticed a centaur warrior
 16155 | D:10     | Noticed a centaur warrior
 16476 | D:10     | Noticed a two-headed ogre
 16487 | D:10     | Killed a two-headed ogre
 16650 | D:11     | Reached ****** piety under Uskayaw
 16652 | D:11     | Slain by a yak
 16653 | D:11     | Reached XP level 9. HP: -3/42 MP: 11/13
 16697 | D:11     | Noticed a boulder beetle
 16714 | D:11     | Noticed a two-headed ogre
 16719 | D:11     | Killed a two-headed ogre
 16720 | D:11     | Reached XP level 10. HP: 46/46 MP: 14/14
 16734 | D:11     | Noticed a gargoyle
 16741 | D:11     | Reached skill level 14 in Unarmed Combat
 16747 | D:11     | Killed a gargoyle
 16805 | D:11     | Noticed a seven-headed hydra
 16817 | D:11     | Killed a seven-headed hydra
 17727 | D:11     | Noticed Psyche
 17735 | D:11     | Killed Psyche
 17901 | D:11     | Found an iron altar of Okawaru.
 17901 | D:11     | Noticed an orc knight
 17901 | D:11     | Noticed a centaur warrior
 18261 | D:10     | HP: 1/46 [centaur warrior (14)]
 18264 | D:10     | Killed a centaur warrior
 18466 | D:10     | Shot with an arrow by a centaur warrior

Illustrated notes

Levels and vault maps discovered:
D:1:      nicolae_arrival_washed_ashore, layout_loops_ring,
          chequers_ecumenical_altar_simple
D:2:      layout_loops_cross, nicolae_elevator_lobby_plus
D:3:      layout_loops_cross, mainiacjoe_overflow_chevrons
D:4:      layout_cave_pools
D:5:      layout_basic
D:6:      layout_loops_cross, uniq_eustachio
D:7:      layout_basic, minmay_temple_entry_arrows, chequers_ossuary_entry_cave,
          minmay_crystal_water
D:8:      layout_rooms, kb_lookout_dungeons_type
D:9:      layout_basic, bloody_makhleb, nicolae_overflow_hidden_temple,
          mainiacjoe_overflow_catwalk
D:10:     minmay_cornered_nines, layout_layer_cave, david_lair_generic,
          st_stairs_14, uniq_maggie
D:11:     evilmike_iron_armoury, layout_loops_cross, uniq_psyche
Temple:   compressed_dpeg_circular_temple

Skill      XL: |  1  2  3  4  5  6  7  8  9 10 |
---------------+-------------------------------+-----
Stealth        | 3 4 5 6 |  6.6
Unarmed Combat | 4 5 6 7 10 13 14 | 14.8
Dodging        | 5 6 7 9 10 12 | 12.5
Fighting       | 4 5 7 |  7.0
Invocations    | 2 4 |  4.8

Action                   |  1- 3 |  4- 6 |  7- 9 | 10-12 || total
-------------------------+-------+-------+-------+-------++-------
Melee: Unarmed           |   115 |   255 |   558 |   311 ||  1239
       Bite              |     6 |    44 |    85 |    45 ||   180
       Punch             |     2 |    16 |    43 |    30 ||    91
Invok: Stomp             |       |       |     2 |       ||     2
       Line Pass         |       |       |       |     4 ||     4
Evoke: Wand              |       |       |     5 |     1 ||     6
  Use: Potion            |     1 |       |     4 |     4 ||     9
       Scroll            |       |     4 |    16 |    10 ||    30
 Stab: Sleeping          |    11 |     5 |    16 |     2 ||    34
       Distracted        |       |       |     2 |     2 ||     4
       Paralysed         |       |       |     3 |    15 ||    18
       Confused          |       |       |       |     3 ||     3
Armor: Skin              |       |     6 |    37 |     7 ||    50
Dodge: Dodged            |    96 |   278 |   630 |   285 ||  1289

Table legend: (Time is in decaauts)
 A = Elapsed time spent in this place.
 B = Non-inter-level travel time spent in this place.
 C = Inter-level travel time spent in this place.
 D = Time resting spent in this place.
 E = Time spent auto-exploring this place.
 F = Levels seen in this place.
 G = Mean time per level.
                   A        B        C        D        E       F      G
               +--------+--------+--------+--------+--------+-----+--------+
         Total |  16810 |  16443 |    367 |   6322 |   7072 |  13 | 1293.1 |
       Dungeon |  16211 |  15844 |    367 |   6107 |   6989 |  11 | 1473.7 |
        Temple |     11 |     11 |      0 |      0 |      0 |   1 |   11.0 |
       Ossuary |    587 |    587 |      0 |    215 |     82 |   1 |  587.0 |
               +--------+--------+--------+--------+--------+-----+--------+

Top non-repeatable levels by time:
     D:9: 2124 daAuts
    D:10: 1933 daAuts
     D:2: 1821 daAuts
     D:5: 1702 daAuts
     D:7: 1564 daAuts
    D:11: 1465 daAuts
     D:6: 1369 daAuts
     D:4: 1202 daAuts
     D:3: 1071 daAuts
     D:1: 993 daAuts
     D:8: 963 daAuts
 Ossuary: 587 daAuts
  Temple: 11 daAuts
